 Dungeon Crawl Stone Soup version 0.21.1-1-g345015fe64 (webtiles) character file.

142 Faustar the Scratcher (level 5, -2/22 HPs)
             Began as a Felid Transmuter on Feb 13, 2018.
             Slain by a worm (9 damage)
             ... on level 3 of the Dungeon.
             The game lasted 00:07:06 (3116 turns).

Faustar the Scratcher (Felid Transmuter)            Turns: 3116, Time: 00:07:07

Health: -2/22      AC:  1    Str:  7    XL:     5   Next: 3%
Magic:  8/9        EV: 18    Int: 14    God:
Gold:   92         SH:  0    Dex: 19    Spells: 7/8 levels left
                                        Lives:  0   Deaths: 1

rFire    . . .     SeeInvis +     - Unarmed
rCold    . . .     Gourm    .   (shield unavailable)
rNeg     . . .     Faith    .   (armour unavailable)
rPois    .         Spirit   .   (helmet unavailable)
rElec    .         Reflect  .   (cloak unavailable)
rCorr    .         Harm     .   (gloves unavailable)
MR       .....                  (boots unavailable)
Stlth    ++........             (no amulet)
HPRegen  0.07/turn              d - +2 ring of dexterity
MPRegen  0.11/turn              (no ring)

@: appendage, quick
A: very small, no armour, no weapons or thrown items, stealth, claws 1, fangs 3,
horns 2, see invisible, carnivore, speed 1, shaggy fur 1, slow metabolism 1,
sharp paws
a: End Transformation


You were on level 3 of the Dungeon.
You were full.
You had grown temporary horns.
You visited 1 branch of the dungeon, and saw 3 of its levels.

You collected 92 gold pieces.

Inventory:

Missiles
 a - 48 arrows
Jewellery
 d - a +2 ring of dexterity (left paw)
 l - an uncursed amulet of rage {unknown}
 m - a +2 ring of dexterity
 n - an uncursed ring of see invisible {unknown}
 q - a +3 amulet of reflection {unknown}
Scrolls
 e - 2 scrolls of teleportation {unknown}
 f - 2 scrolls of blinking {unknown}
 g - a scroll of remove curse {unknown}
 h - 3 scrolls of identify {unknown}
 i - a scroll of noise {unknown}
 k - a scroll of enchant weapon {unknown}
 o - a scroll of magic mapping {unknown}
Potions
 j - a potion of haste {unknown}
Books
 b - a book of Changes

   Spells                             Type                      Level
   a - Beastly Appendage              Transmutation                1
   b - Sticks to Snakes               Transmutation                2
   c - Spider Form                    Transmutation/Poison         3
   d - Ice Form                       Ice/Transmutation            4
   e - Blade Hands                    Transmutation                5
Comestibles
 c - 5 rations


   Skills:
 - Level 1.0 Fighting
 - Level 2.6 Dodging
 + Level 6.7 Unarmed Combat
 - Level 2.0 Spellcasting
 - Level 2.1 Transmutations


You had 7 spell levels left.
You knew the following spells:

 Your Spells              Type           Power        Failure   Level  Hunger
a - Beastly Appendage     Tmut           #.....       10%         1    ##.....


Dungeon Overview and Level Annotations

Branches:
Dungeon (3/15)

Altars:

Annotations:
D:2 3 exclusions


Innate Abilities, Weirdness & Mutations

You cannot wear armour.
You are incapable of wielding weapons or throwing items.
Your paws allow you to move quietly. (Stealth)
You have sharp claws.
You have razor-sharp teeth.
You have supernaturally acute eyesight. (SInv)
You are carnivorous and can eat meat at any time.
You cover ground quickly.
You are covered in fur. (AC +1)
You have a slow metabolism.
Your sharp claws are effective at attacking unaware monsters.
You have a pair of horns on your head.


Message History

h - 3 scrolls labeled SOGHUNO CAKA (gained 1)
Found a robe.
A worm is nearby!
A worm is nearby!
A worm is nearby!
You barely miss the worm. The worm bites you!
Casting: Beastly Appendage
Confirm with . or Enter, or press ? or * to list all spells.
You grow a pair of large bovine horns.
You barely miss the worm.
You headbutt the worm, but do no damage.
You bite the worm.
The worm is lightly wounded.
The worm barely misses you.
You scratch the worm but do no damage.
The worm is lightly wounded.
You scratch the worm. Your headbutt misses the worm.
The worm is lightly wounded.
The worm bites you!
You die...

.###<# #)##
###..(.......(.#.#.
#....?...#######.#.
#.##.##..# ##.#.
###.#...#..######..).
#.[...>........รท.....
#...#...#....).......
#..w.........#######.
#...@........#######.
#..###.#.............
#. ##.####..####.### #
.........# #.
##.####.## #. #.# #.#
#. ... #.# #. .#. ..#
#. #### #.


You could see a worm.

Vanquished Creatures
  A bullfrog (D:2)
  Terence (D:2)
  4 gnolls
  8 adders
  A worm (D:2)
  2 leopard geckos
  An orc (D:2)
  9 bats
  2 giant cockroaches
  7 goblins
  3 hobgoblins
  3 jackals (D:2)
  A quokka (D:2)
  7 frilled lizards
  5 kobolds
  8 rats
63 creatures vanquished.

Notes
Turn   | Place    | Note
-------+----------+-------------------------------------------
     0 | D:1      | Faustar the Felid Transmuter began the quest for the Orb.
     0 | D:1      | Reached XP level 1. HP: 9/9 MP: 4/4
   603 | D:1      | Reached XP level 2. HP: 11/12 MP: 6/6
   992 | D:1      | Reached skill level 4 in Unarmed Combat
  1442 | D:2      | Reached XP level 3. HP: 10/15 MP: 5/7
  1609 | D:2      | Reached skill level 5 in Unarmed Combat
  1609 | D:2      | Reached XP level 4. HP: 9/19 MP: 6/8
  1789 | D:2      | Noticed Terence
  1804 | D:2      | Killed Terence
  2173 | D:2      | Noticed an ogre
  2504 | D:2      | Reached XP level 5. HP: 17/22 MP: 7/9
  2593 | D:2      | Reached skill level 6 in Unarmed Combat
  2862 | D:3      | Slain by a gnoll
  2863 | D:3      | Reached XP level 4. HP: -1/19 MP: 8/8
  3046 | D:3      | Reached XP level 5. HP: 22/22 MP: 7/9
  3116 | D:3      | Slain by a worm

Skill      XL: |  1  2  3  4  5 |
---------------+----------------+-----
Unarmed Combat | 4 5 6 |  6.7
Fighting       | |  1.0
Dodging        | |  2.6
Spellcasting   | |  2.0
Transmutations | |  2.1

Action                   |  1- 3 |  4- 6 || total
-------------------------+-------+-------++-------
Melee: Unarmed           |    88 |    92 ||   180
       Bite              |     6 |    11 ||    17
       Punch             |     1 |     2 ||     3
       Headbutt          |    10 |    13 ||    23
 Cast: Beastly Appendage |     8 |    11 ||    19
  Use: Potion            |     2 |       ||     2
 Stab: Distracted        |     1 |       ||     1
       Sleeping          |     1 |     3 ||     4
  Eat: Chunk             |     9 |     4 ||    13
Armor: Skin              |     3 |     2 ||     5
Dodge: Dodged            |    72 |    78 ||   150
